 Dungeon Crawl Stone Soup version 0.23.2-33-g5129a83 (webtiles) character file.

Game seed: 13470860383825592238

1351 ned the Sneak (level 8, -8/52 HPs)
             Began as a Vampire Enchanter on July 3, 2019.
             Was a Follower of Vehumet.
             Mangled by Pikel
             ... wielding a +2 whip of flaming
              (9 damage)
             ... on level 8 of the Dungeon.
             The game lasted 00:14:13 (6622 turns).

ned the Sneak (Vampire Enchanter)                   Turns: 6622, Time: 00:14:14

Health: -8/52      AC:  5    Str:  7    XL:     8   Next: 36%
Magic:  6/14       EV: 18    Int: 26    God:    Vehumet [*.....]
Gold:   355        SH:  0    Dex: 17    Spells: 8/15 levels left

rFire    . . .     SeeInvis +   I - +2 dagger (venom)
rCold    + . .     Gourm    .   (no shield)
rNeg     + + +     Faith    .   w - +2 robe {rN+}
rPois    +         Spirit   .   (no helmet)
rElec    .         Reflect  .   (no cloak)
rCorr    .         Harm     .   c - +0 pair of gloves
MR       .....                  (no boots)
Stlth    +++++.....             (no amulet)
HPRegen  0.08/turn              u - +3 ring of evasion
MPRegen  0.14/turn              H - +4 ring of intelligence

@: brilliant, regenerating slowly
A: fangs 3, see invisible, unbreathing
a: Bat Form, Renounce Religion


You were on level 8 of the Dungeon.
You worshipped Vehumet.
Vehumet was aware of your devotion.
You were thirsty.

You visited 2 branches of the dungeon, and saw 9 of its levels.

You collected 355 gold pieces.

Inventory:

Hand Weapons
 t - a +3 dagger
 v - a +1 vampiric dagger
 x - a +0 blowgun
 I - a +2 dagger of venom (weapon)
Missiles
 k - 27 poisoned needles
 l - 8 needles of sleeping
Armour
 b - a +0 robe
 c - a +0 pair of gloves (worn)
 w - a +2 robe of positive energy (worn)
 C - a +0 robe of magic resistance
Jewellery
 s - an uncursed ring of fire
 u - a +3 ring of evasion (left hand)
 E - an uncursed ring of fire
 H - a +4 ring of intelligence (right hand)
Wands
 B - a wand of scattershot (8)
 D - a wand of flame (29)
Scrolls
 f - 2 scrolls of teleportation {unknown}
 h - 2 scrolls of enchant armour {unknown}
 i - 3 scrolls of amnesia {unknown}
 m - 5 scrolls of identify {unknown}
 n - 3 scrolls of remove curse {unknown}
 q - 2 scrolls of magic mapping {unknown}
 y - a scroll of noise {unknown}
 z - a scroll of blinking {unknown}
 A - a scroll of immolation {unknown}
 F - a scroll of enchant weapon {unknown}
Potions
 a - a potion of might
 d - 2 potions of blood
 j - 2 potions of ambrosia
 o - a potion of lignification
 r - a potion of haste


   Skills:
 + Level 4.6 Short Blades
 + Level 4.9 Dodging
 + Level 7.9 Stealth
 + Level 4.2 Spellcasting
 + Level 7.5 Hexes
 + Level 3.9 Ice Magic


You had 8 spell levels left.
You knew the following spells:

 Your Spells              Type           Power        Failure   Level  Hunger
a - Corona                Hex            ######.      1%          1    None
b - Ensorcelled Hibernat  Hex/Ice        ######       1%          2    None
c - Confuse               Hex            ######..     1%          3    ##.....
d - Freeze                Ice            ####         1%          1    None

Your spell library contained the following spells:

 Spells                   Type           Power        Failure   Level  Hunger
 Dazzling Spray           Conj/Hex       #####.       1%          3    ##.....
 Tukima's Dance           Hex            ######..     1%          3    ##.....


Dungeon Overview and Level Annotations

Branches:
Dungeon (8/15)             Temple (1/1) D:4
   Lair: D:8-11

Altars:
Cheibriados
Dithmenos
Fedhas
Gozag
Hepliaklqana
Kikubaaqudgha
Makhleb
Nemelex Xobeh
Okawaru
Qazlal
Vehumet
Wu Jian
Xom
Zin
The Shining One

Shops:
D:6 %

Annotations:
D:8 Gastronok, Pikel


Innate Abilities, Weirdness & Mutations

You heal slowly.
You have razor-sharp teeth.
You have supernaturally acute eyesight. (SInv)
You can survive without breathing.


Message History

* * * LOW HITPOINT WARNING * * *
Press: ? - help, v - describe, . - travel
Here: Pikel, wielding a +2 whip of flaming and wearing a +1 robe of cold resistance The floor.
Unknown command.
Casting: Ensorcelled Hibernation (safe; 1% risk of failure)
Confirm with . or Enter, or press ? or * to list all spells.
Aiming: Ensorcelled Hibernation (safe; 1% risk of failure)
Press: ? - help, Shift-Dir - straight line, f - slave, p - Gastronok
Aim: a slave, wearing a +0 animal skin (chance to defeat MR: 72%) Pikel is unaffected.
Pikel misses you.
Unknown command.
Casting: Ensorcelled Hibernation (safe; 1% risk of failure)
Confirm with . or Enter, or press ? or * to list all spells.
Aiming: Ensorcelled Hibernation (safe; 1% risk of failure)
Press: ? - help, Shift-Dir - straight line, f/p - slave
Aim: a slave, wearing a +0 animal skin (chance to defeat MR: 72%) Pikel is unaffected.
Pikel hits you with a +2 whip of flaming!
You die...

...........
###......###
.........#.#
#.####...## #..
###..## #..#...##..#
##.# ...##.## .#
...#..# .. ..##.#
####. ..#.##
#@.##..###.#..#
##K.##.....#..#
..####..# #.....#
........########.##
.......p##...w....###
........w#..##....[.#
##.##.#.....#..##...#
#.. #####...##w# .#..
.. #..###.. .##.


You could see Gastronok, Pikel and a slave.

Vanquished Creatures
  An orc warrior (D:6)
  A phantom (D:4)
  An ogre (D:4)
  Blork the orc (D:4)
  A bullfrog (D:6)
  A scorpion (D:8)
  2 killer bees (D:8)
  2 crimson imps (D:5)
  A bullfrog zombie (D:5)
  2 hounds
  6 orc wizards
  2 bullfrog skeletons
  2 iguanas
  4 worker ants
  Natasha (D:4)
  16 adders
  A worm (D:2)
  A dart slug (D:2)
  2 leopard geckos (D:4)
  19 orcs
  4 giant cockroaches
  6 goblins
  4 hobgoblins (D:2)
  7 jackals
  5 kobolds
  6 quokkas
  2 ball pythons
  9 bats
  8 frilled lizards
  A leopard gecko skeleton (D:4)
  A leopard gecko zombie (D:5)
  8 rats
128 creatures vanquished.

Vanquished Creatures (others)
  A withered plant (D:6)
1 creature vanquished.

Grand Total: 129 creatures vanquished

Notes
Turn   | Place    | Note
-------+----------+-------------------------------------------
     0 | D:1      | ned the Vampire Enchanter began the quest for the Orb.
     0 | D:1      | Reached XP level 1. HP: 13/13 MP: 3/3
   535 | D:1      | Reached XP level 2. HP: 19/19 MP: 5/5
   539 | D:1      | Learned a level 2 spell: Ensorcelled Hibernation
  1025 | D:2      | Found a hazy altar of Hepliaklqana.
  1055 | D:2      | Reached XP level 3. HP: 24/24 MP: 6/6
  1291 | D:2      | Reached skill level 5 in Stealth
  1291 | D:2      | Reached skill level 1 in Ice Magic
  1330 | D:2      | Found a faded altar of an unknown god.
  1343 | D:2      | Reached skill level 5 in Hexes
  1467 | D:2      | Reached XP level 4. HP: 27/30 MP: 7/7
  1485 | D:2      | Learned a level 3 spell: Confuse
  1992 | D:3      | Reached XP level 5. HP: 33/35 MP: 5/8
  3211 | D:4      | Found a burning altar of Makhleb.
  3211 | D:4      | Noticed a cacodemon
  3256 | D:4      | Noticed an ogre
  3281 | D:4      | Killed an ogre
  3281 | D:4      | Reached XP level 6. HP: 30/41 MP: 1/10
  3364 | D:4      | Found an opulent altar of Gozag.
  3410 | D:4      | Found a staircase to the Ecumenical Temple.
  3423 | Temple   | Entered the Ecumenical Temple
  3487 | Temple   | Became a worshipper of Vehumet
  3508 | D:4      | Noticed Blork the orc
  3659 | D:4      | Noticed Natasha
  3662 | D:4      | Killed Natasha
  3715 | D:4      | Killed Blork the orc
  3785 | D:4      | Reached XP level 7. HP: 19/46 MP: 10/12
  4263 | D:5      | Entered Level 5 of the Dungeon
  4363 | D:5      | Reached * piety under Vehumet
  4363 | D:5      | Offered knowledge of Freeze by Vehumet.
  4366 | D:5      | Learned a level 1 spell: Freeze
  5589 | D:6      | Found Fanwonak's Food Emporium.
  5648 | D:6      | Reached XP level 8. HP: 52/52 MP: 10/13
  6208 | D:8      | HP: 1/52 [killer bee (6)]
  6598 | D:8      | Noticed Gastronok
  6609 | D:8      | Noticed Pikel
  6620 | D:8      | HP: 2/52 [Pikel/+2 whip of flaming (6)]
  6622 | D:8      | Mangled by Pikel

Skill      XL: |  1  2  3  4  5  6  7  8 |
---------------+-------------------------+-----
Short Blades   | 2 3 4 |  4.6
Stealth        | 5 6 7 |  7.9
Ice Magic      | 1 2 3 |  3.9
Hexes          | 5 6 7 |  7.5
Dodging        | 3 4 |  4.9
Spellcasting   | 3 4 |  4.2

Action                   |  1- 3 |  4- 6 |  7- 9 || total
-------------------------+-------+-------+-------++-------
Melee: Dagger            |    90 |   146 |   178 ||   414
       Bite              |     4 |    11 |    16 ||    31
 Cast: Ensorcelled Hiber |     2 |    30 |    46 ||    78
       Confuse           |       |     1 |     1 ||     2
  Use: Potion            |       |     1 |    13 ||    14
 Stab: Sleeping          |     7 |    29 |    32 ||    68
       Confused          |       |       |     2 ||     2
  Eat: Corpse            |     1 |     3 |     2 ||     6
Armor: Robe              |    28 |    41 |    21 ||    90
Dodge: Dodged            |    58 |   156 |   167 ||   381
